 Dungeon Crawl Stone Soup version 0.24.0-1-gfbc8707 (webtiles) character file.

Game seed: 6389692337603584777, levelgen mode: deterministic

48 Buxparty the Bolt Thrower (level 3, 0/32 HPs)
             Began as a Deep Dwarf Hunter on Dec 27, 2019.
             Killed from afar by Sigmund (12 damage)
             ... with a puff of flame
             ... on level 2 of the Dungeon.
             The game lasted 00:03:50 (801 turns).

Buxparty the Bolt Thrower (Deep Dwarf Hunter)        Turns: 801, Time: 00:03:50

Health: 0/32       AC:  7    Str: 15    XL:     3   Next: 50%
Magic:  11/11 (2)  EV: 10    Int: 11    God:
Gold:   49         SH:  0    Dex: 14    Spells: 2/2 levels left

rFire    x . .     SeeInvis .   b - +0 short sword
rCold    + . .     Gourm    .   (no shield)
rNeg     . . .     Faith    .   i - +0 scale mail
rPois    .         Spirit   .   (no helmet)
rElec    .         Reflect  .   e - +0 cloak
rCorr    .         Harm     .   (no gloves)
MR       .....                  (no boots)
Stlth    ..........             (no amulet)
HPRegen  0.00/turn              j - ring of ice
MPRegen  0.12/turn              k - ring of magical power

@: non-regenerating
A: damage resistance, heal wounds, sense surroundings 1, no regeneration
a: Heal Wounds


You were on level 2 of the Dungeon.
You were not hungry.

You visited 1 branch of the dungeon, and saw 2 of its levels.

You collected 49 gold pieces.

Inventory:

Hand Weapons
 a - a +1 hand crossbow
 b - a +0 short sword (weapon)
Missiles
 d - 34 bolts
Armour
 c - a +0 leather armour
 e - a +0 cloak (worn)
 i - a +0 scale mail (worn)
Jewellery
 j - a ring of ice (left hand)
 k - a ring of magical power (right hand)
Scrolls
 h - 2 scrolls of identify {unknown}
 m - 2 scrolls of remove curse {unknown}
Potions
 g - a potion of might {unknown}
 l - a potion of curing {unknown}
Comestibles
 f - 3 rations


   Skills:
 + Level 2.0 Fighting
 + Level 0.8 Short Blades
 + Level 5.0 Crossbows
 + Level 0.9 Armour
 + Level 2.7 Dodging
 + Level 1.2 Stealth


You had 2 spell levels left.
You didn't know any spells.
Your spell library was empty.

Dungeon Overview and Level Annotations

Branches:
Dungeon (2/15)

Altars:

Annotations:
D:2 Sigmund


Innate Abilities, Weirdness & Mutations

You are resistant to damage.
You can heal yourself by infusing magical energy.
You passively map a small area around you.
You do not regenerate.


Message History

You closely miss something. Something hits you.
You closely miss something. You hit something.
Something hits you but does no damage.
You miss something. Something hits you.
You hit something. Something hits you but does no damage.
You barely miss something. You hit something but do no damage.
Something hits you. Something freezes you.
You barely miss something. Something hits you! Something freezes you.
You hit something. You closely miss something. Something hits you.
You hit something but do no damage.
You hear some strange, mumbled words.
A magic dart appears from out of thin air!
The magic dart hits you.
You barely miss something. Something hits you but does no damage.
You hit something.
You hear some strange, mumbled words.
A puff of flame appears from out of thin air!
The puff of flame hits you! The fire burns you terribly!
You die...

, ,* .... ,
, * .... ,
, # * **
...,, , ,
,*#. * #..
, #..
#.#####.. ,
#..##*
#.#.... * ,
#...###.!.#
* ,*
#...#..<.#
, #.)@..###
#.{...# *,
, , *
**#...### ,
.......#* *
* ,
........ ,
, ,
.........,
, , , ,,
.....##.. *
* , , .....
..##, , ,
... .. *


There were no monsters in sight!

Vanquished Creatures
  3 dart slugs (D:1)
  A leopard gecko (D:1)
  A ball python (D:1)
  2 giant cockroaches (D:1)
  4 goblins (D:1)
  10 hobgoblins
  8 bats
  3 frilled lizards
  3 kobolds
  4 rats (D:1)
39 creatures vanquished.

Notes
Turn   | Place    | Note
-------+----------+-------------------------------------------
     0 | D:1      | Buxparty the Deep Dwarf Hunter began the quest for the Orb.
     0 | D:1      | Reached XP level 1. HP: 19/19 MP: 1/1
    86 | D:1      | Reached XP level 2. HP: 24/26 MP: 2/2
   168 | D:1      | Reached skill level 5 in Crossbows
   503 | D:1      | Reached XP level 3. HP: 26/32 MP: 2/2
   760 | D:2      | Noticed Sigmund
   801 | D:2      | Killed from afar by Sigmund

Levels and vault maps discovered:
D:1:      lightli_arrival_windingriver, layout_rooms, st_stairs_10,
          minmay_tripent
D:2:      layout_rooms, uniq_sigmund, uniq_crazy_yiuf_cottage, uniq_natasha

Skill      XL: |  1  2  3 |
---------------+----------+-----
Crossbows      | 5 |  5.0
Fighting       | 2 |  2.0
Short Blades   | |  0.8
Armour         | |  0.9
Dodging        | |  2.7
Stealth        | |  1.2

Action                   || total
-------------------------++-------
Melee: Short sword       ||   190
 Fire: Hand crossbow     ||     2
 Abil: Heal Wounds       ||     3
Armor: Leather armour    ||    22
       Scale mail        ||   114
Dodge: Dodged            ||   175
